 Dungeon Crawl Stone Soup version 0.21-a0-426-g98080a9 (webtiles) character file.

22 Ijustatesigmund the Sneak (level 2, -2/18 HPs)
             Began as an Octopode Enchanter on Nov 7, 2017.
             Slain by a goblin
             ... wielding a +0 dagger
              (6 damage)
             ... on level 2 of the Dungeon.
             The game lasted 00:02:14 (853 turns).

Ijustatesigmund the Sneak (Octopode Enchanter)       Turns: 853, Time: 00:02:15

Health: -2/18      AC:  1    Str:  7    XL:     2   Next: 91%
Magic:  1/5        EV: 13    Int: 22    God:
Gold:   58         SH:  0    Dex: 12    Spells: 2/5 levels left

rFire    . . .     SeeInvis .   a - +1 dagger
rCold    . . .     Gourm    .   (no shield)
rNeg     . . .     Faith    .   (helmet restricted)
rPois    .         Spirit   .   (no amulet)
rElec    .         Reflect  .   g - +3 ring of slaying
rCorr    .         Harm     .   (no ring)
MR       .....                  (no ring)
Stlth    +++.......             (no ring)
HPRegen  0.06/turn              (no ring)
MPRegen  0.09/turn              (no ring)
                                (no ring)
                                (no ring)

@: brilliant
A: almost no armour, stealthy swim, amphibious, 8 rings, constrict 8, camouflage
1, gelatinous body 1
a: no special abilities


You were on level 2 of the Dungeon.
You were not hungry.

You visited 1 branch of the dungeon, and saw 2 of its levels.

You collected 58 gold pieces.

Inventory:

Hand Weapons
 a - a +1 dagger (weapon)
Missiles
 i - 7 javelins of returning (quivered)
Jewellery
 g - a +3 ring of slaying (left tentacle)
Scrolls
 f - 2 scrolls of teleportation
 h - a scroll of amnesia
Potions
 e - a potion of flight {unknown}
Books
 b - a book of Maledictions

   Spells                             Type                      Level
   a - Corona                         Hexes                        1
   b - Ensorcelled Hibernation        Hexes/Ice                    2
   c - Confuse                        Hexes                        3
   d - Tukima's Dance                 Hexes                        3
   e - Dazzling Spray                 Conjuration/Hexes            3
Comestibles
 c - a bread ration
 d - a meat ration


   Skills:
 + Level 1.5 Fighting
 + Level 2.0 Short Blades
 - Level 2.0 Dodging
 - Level 4.0 Stealth
 - Level 2.0 Spellcasting
 - Level 3.0 Hexes


You had 2 spell levels left.
You knew the following spells:

 Your Spells              Type           Power        Failure   Level  Hunger
a - Corona                Hex            ####...      1%          1    #......
b - Ensorcelled Hibernat  Hex/Ice        ###...       1%          2    ##.....


Dungeon Overview and Level Annotations

Branches:
Dungeon (2/15)

Altars:


Innate Abilities, Weirdness & Mutations

You cannot wear most types of armour.
You are very stealthy in the water. (Stealth+)
You are amphibious.
You can wear up to eight rings at the same time.
You can use your tentacles to constrict eight enemies at once.
Your skin changes colour to match your surroundings (Stealth+).
Your rubbery body absorbs attacks. (AC +1, EV +1)


Message History

The goblin resists with significant effort.
The goblin shoots a stone.
The stone misses you.
Casting: Ensorcelled Hibernation
Confirm with . or Enter, or press ? or * to list all spells.
Aiming: Ensorcelled Hibernation
Press: ? - help, Shift-Dir - straight line, f/p - goblin
Aim: a goblin, wielding a hunting sling (chance to defeat MR: 55%)
The goblin resists with significant effort.
The goblin shoots a stone.
The stone closely misses you.
Casting: Ensorcelled Hibernation
Confirm with . or Enter, or press ? or * to list all spells.
You don't have enough magic to cast that spell.
Unknown command.
It was a potion of brilliance.
You feel clever all of a sudden.
The goblin shoots a stone.
The stone closely misses you.
The goblin unwields an uncursed hunting sling.
The goblin wields an uncursed dagger.
The goblin hits you with an uncursed dagger.
You die...

. ##. ##
#.. .#
#.##.#
#....#
#.g..#
##.@⌠.#
#.(...###
#().......
#(....###.#
#######


You could see a goblin.

Vanquished Creatures
  5 goblins
  4 hobgoblins
  6 kobolds
  A bat (D:1)
  2 frilled lizards (D:1)
  2 rats
20 creatures vanquished.

Notes
Turn   | Place    | Note
-------+----------+-------------------------------------------
     0 | D:1      | Ijustatesigmund the Octopode Enchanter began the quest for the Orb.
     0 | D:1      | Reached XP level 1. HP: 11/11 MP: 3/3
   119 | D:1      | Reached skill level 1 in Fighting
   119 | D:1      | Reached XP level 2. HP: 11/18 MP: 5/5
   123 | D:1      | Learned a level 2 spell: Ensorcelled Hibernation
   853 | D:2      | Slain by a goblin

Vault maps used:
D:1:      dpeg_arrival_stonehenge_12_columns
D:2:      hangedman_feature_mirror, hangedman_decor_diamond_cutter,
          grunt_gozag_breadcrumbs

Skill      XL: |  1  2 |
---------------+-------+-----
Fighting       | 1 |  1.5
Short Blades   | 2 |  2.0
Dodging        | |  2.0
Stealth        | |  4.0
Spellcasting   | |  2.0
Hexes          | |  3.0

Action                   || total
-------------------------++-------
Melee: Dagger            ||    26
       Tentacles         ||     2
       Constrict         ||     7
       Mace              ||     6
 Cast: Ensorcelled Hiber ||     2
  Use: Scroll            ||     4
       Potion            ||     1
 Stab: Sleeping          ||     7
Armor: Skin              ||     1
Dodge: Dodged            ||    19

Table legend:
 A = Spawn XP
 B = Non-spawn XP
 C = Spawn XP percentage of total XP
 D = Spawn monster count
 E = Non-spawn monster count
 F = Spawn count percentage of total count
 G = Total turns spent on level
                    A         B        C        D         E        F      G
               +---------+---------+-------+---------+---------+-------+---------
         Total |       0 |      32 |   0.0 |       0 |      20 |   0.0 |   853
               +---------+---------+-------+---------+---------+-------+---------
           D:1 |       0 |      20 |   0.0 |       0 |      13 |   0.0 |   786
           D:2 |       0 |      12 |   0.0 |       0 |       7 |   0.0 |    67
               +---------+---------+-------+---------+---------+-------+---------
